 Dungeon Crawl Stone Soup version 0.27-a0-1591-gc56fcc985a (webtiles) character file.

Game seed: 18073639087840268616

655 robertstho the Magician (level 7, -9/49 HPs)
             Began as a Djinni Fire Elementalist on July 19, 2021.
             Mangled by a gnoll sergeant (10 damage)
             ... on level 5 of the Dungeon.
             The game lasted 00:05:21 (5487 turns).

robertstho the Magician (Djinni Fire Elementalist)  Turns: 5487, Time: 00:05:22

Health: -9/49      AC:  6    Str:  7    XL:     7   Next: 85%
Gold:   208        EV: 12    Int: 25    God:
                   SH:  0    Dex: 13

rFire    + + .     SeeInvis .   i - +3 spear
rCold    x . .     Faith    .   (no shield)
rNeg     . . .     Spirit   .   a - +0 robe
rPois    ∞         Reflect  .   (no helmet)
rElec    .         Harm     .   b - +1 cloak
rCorr    .         Rampage  .   (no gloves)
Will     .....                  (boots unavailable)
Stlth    ++........             (no amulet)
HPRegen  0.16/turn              c - +6 ring of intelligence
MPRegen  0.00/turn              (no ring)

@: flying
A: sickness immunity, fire resistance 2, cold vulnerability 1, float, innate
caster, hp casting, extra vitality 1, iridescent scales 1
a: no special abilities


You were on level 5 of the Dungeon.
You visited 2 branches of the dungeon, and saw 6 of its levels.

You collected 208 gold pieces.

Inventory:

Hand Weapons
 h - a +0 dagger
 i - a +3 spear (weapon)
Armour
 a - a +0 robe (worn)
 b - a +1 cloak (worn)
Jewellery
 c - a +6 ring of intelligence (left hand)
 p - a ring of see invisible
Wands
 j - a wand of polymorph (15)
 o - a wand of digging (3)
Scrolls
 d - a scroll of blinking {unknown}
 e - 2 scrolls of vulnerability {unknown}
 f - 3 scrolls of enchant armour
 g - 2 scrolls of identify {unknown}
 l - 2 scrolls of enchant weapon {unknown}
 m - a scroll of magic mapping {unknown}
Potions
 k - 2 potions of heal wounds {unknown}
 n - a potion of attraction {unknown}


   Skills:
 * Level 2.7 Fighting
 + Level 1.0 Polearms
 + Level 2.6 Dodging
 + Level 2.7 Stealth
 + Level 0.2 Unarmed Combat
 * Level 5.5 Spellcasting


You couldn't memorise any spells.
You knew the following spells:

 Your Spells              Type           Power      Damage    Failure   Level
a - Foxfire               Conj/Fire      100%       2x1d9     1%          1
b - Conjure Flame         Conj/Fire      34%        6-21      2%          3
c - Inner Flame           Hex/Fire       34%        N/A       2%          3
d - Sticky Flame          Conj/Fire      34%        2d5       8%          4
e - Fireball              Conj/Fire      17%        3d9       22%         5
f - Sandblast             Erth           68%        2d15      1%          1
g - Searing Ray           Conj           68%        3d5       1%          2
h - Ignite Poison         Fire/Tmut/Pois 34%        N/A       2%          3
Your spell library was empty.

Dungeon Overview and Level Annotations

Branches:
Dungeon (5/15)             Temple (1/1) D:4

Altars:
Ashenzari
Dithmenos
Elyvilon
Makhleb
Okawaru
Qazlal
Ru
Sif Muna
Trog
Uskayaw
Yredelemnul
The Shining One
Jiyva


Innate Abilities, Weirdness & Mutations

You are immune to sickness and miasma.
You are immune to poison.
Your flesh is very heat resistant. (rF++)
You are vulnerable to cold. (rC-)
You float through the air rather than walking.
You learn spells naturally, not from books.
Your magical power is your life essence.
You have superior vitality. (+4 HP)
You are partially covered in iridescent scales. (AC +2)


Message History

The gnoll sergeant is lightly wounded.
The gnoll sergeant hits you from afar with a +0 spear!
Unknown command.
Your foxfire dissipates!
The foxfire hits the gnoll sergeant.
The gnoll sergeant is lightly wounded.
Casting: Foxfire (safe; 1% risk of failure)
Confirm with . or Enter, or press ? or * to list all spells.
The spell is quite dangerous to cast (22% risk of failure)!
Continue anyway?
Aiming: Fireball (quite dangerous; 22% risk of failure)
Press: ? - help, Shift-Dir - straight line, f - gnoll sergeant
Aim: a gnoll sergeant, wielding a +0 spear, wearing a +0 ring mail and wearing a +0 buckler (lightly wounded)
The fireball explodes!
The fireball engulfs the gnoll sergeant!
The gnoll sergeant is heavily wounded.
The gnoll sergeant hits you from afar with a +0 spear!
Casting: Fireball (quite dangerous; 22% risk of failure)
Confirm with . or Enter, or press ? or * to list all spells.
Aiming: Searing Ray (safe; 1% risk of failure)
Press: ? - help, Shift-Dir - straight line, f/p - gnoll sergeant
Aim: a gnoll sergeant, wielding a +0 spear, wearing a +0 ring mail and wearing a +0 buckler (heavily wounded, 86% to hit)
The searing ray misses the gnoll sergeant. (Press . to maintain the ray.)
The gnoll sergeant misses you.
The searing ray hits the gnoll sergeant.
The gnoll sergeant is severely wounded.
* * * LOW HITPOINT WARNING * * *
The gnoll sergeant hits you from afar with a +0 spear.
* * * LOW HITPOINT WARNING * * *
The searing ray hits the gnoll sergeant.
The gnoll sergeant is almost dead.
* * * LOW HITPOINT WARNING * * *
The gnoll sergeant hits you from afar with a +0 spear!
* * * LOW HITPOINT WARNING * * *
The searing ray hits the gnoll sergeant.
The gnoll sergeant is almost dead.
* * * LOW HITPOINT WARNING * * *
You finish channeling your searing ray.
The gnoll sergeant hits you from afar with a +0 spear!
You die...

..†..####.##.###..########
............# #..#
............ ##..#
....#.......###...#
...........##.#...#
.....####.........# ...###
#....###..# ....
#.........# ##.......@.#
#..........########.
#..†.......g.....)..
#.........##...#####
............#v....#
#...................#
.......................
..(........>...........
.#....(................


You could see a gnoll sergeant.

Vanquished Creatures
  Eustachio (D:4)
  A phantom (D:5)
  A hound (D:4)
  An orc priest (D:4)
  A bullfrog skeleton (D:5)
  2 centaur skeletons
  Jessica (D:2)
  2 iguanas (D:5)
  Ijyb (D:4)
  A killer bee zombie (D:5)
  3 adders
  5 gnolls (D:5)
  A shadow imp (D:5)
  2 adder skeletons
  An adder zombie (D:5)
  A worm (D:2)
  2 dart slugs
  12 orcs
  2 bats
  4 endoplasms
  A giant cockroach (D:1)
  5 goblins
  8 hobgoblins
  4 quokkas (D:3)
  3 ball pythons
  A frilled lizard (D:1)
  5 kobolds
  A rat (D:1)
73 creatures vanquished.

Vanquished Creatures (collateral kills)
  7 foxfires (D:3)
7 creatures vanquished.

Vanquished Creatures (others)
  282 foxfires
282 creatures vanquished.

Grand Total: 362 creatures vanquished

Notes
Turn   | Place    | Note
-------+----------+-------------------------------------------
     0 | D:1      | robertstho the Djinni Fire Elementalist began the quest for
                  | the Orb.
     0 | D:1      | Reached XP level 1. HP: 15/15 MP: 0/0
   428 | D:1      | Reached XP level 2. HP: 18/21 MP: 0/0
  1339 | D:2      | Found a faded altar of an unknown god.
  1376 | D:2      | Reached skill level 3 in Spellcasting
  1489 | D:2      | Reached XP level 3. HP: 25/26 MP: 0/0
  1489 | D:2      | Learned a level 1 spell: Sandblast
  1842 | D:2      | Noticed Jessica
  1850 | D:2      | Killed Jessica
  1852 | D:2      | Reached XP level 4. HP: 26/31 MP: 0/0
  2285 | D:3      | Found a white marble altar of Elyvilon.
  3437 | D:4      | Found a staircase to the Ecumenical Temple.
  3449 | D:4      | Noticed Eustachio
  3450 | D:4      | Reached skill level 1 in Fighting
  3450 | D:4      | Reached skill level 4 in Spellcasting
  3450 | D:4      | Reached XP level 5. HP: 31/37 MP: 0/0
  3450 | D:4      | Learned a level 2 spell: Searing Ray
  3465 | D:4      | Killed Eustachio
  3466 | D:4      | Reached XP level 6. HP: 21/43 MP: 0/0
  3471 | Temple   | Entered the Ecumenical Temple
  3891 | D:4      | Noticed Ijyb
  3908 | D:4      | Killed Ijyb
  4143 | D:4      | Reached skill level 5 in Spellcasting
  4161 | D:4      | Gained mutation: You are partially covered in iridescent
                  | scales. (AC +2) [potion of mutation]
  4570 | D:4      | Reached XP level 7. HP: 44/48 MP: 0/0
  4570 | D:4      | Learned a level 3 spell: Ignite Poison
  4694 | D:4      | Found a burning altar of Makhleb.
  4921 | D:4      | Found a sacrificial altar of Ru.
  4935 | D:5      | Entered Level 5 of the Dungeon
  5348 | D:5      | Reached skill level 1 in Polearms
  5486 | D:5      | HP: 2/49 [gnoll sergeant (8)]
  5487 | D:5      | Mangled by a gnoll sergeant

Illustrated notes

Levels and vault maps discovered:
D:1:      dpeg_arrival_signposts, layout_loops_ring
D:2:      layout_basic, shapermc_ecumenical_altar_starsandcircs, uniq_jessica
D:3:      layout_loops_cross, nicolae_elyvilon_peaceful_grove, minmay_cupped
D:4:      layout_loops_ring, bloody_makhleb, nicolae_ru_path_of_blood,
          minmay_temple_entry_mist, uniq_eustachio, uniq_ijyb
D:5:      layout_cave_pools, mainiacjoe_overflow_tiny_flanked, minivault_5,
          uniq_grinder
Temple:   pf_slimified_temple

Skill      XL: |  1  2  3  4  5  6  7 |
---------------+----------------------+-----
Spellcasting   | 3 4 5 |  5.5
Fighting       | 1 2 |  2.7
Stealth        | 2 |  2.7
Polearms       | 1 |  1.0
Dodging        | |  2.6
Unarmed Combat | |  0.2

Action                   |  1- 3 |  4- 6 |  7- 9 || total
-------------------------+-------+-------+-------++-------
Melee: Spear             |       |    62 |     5 ||    67
       Unarmed           |       |     6 |       ||     6
 Cast: Foxfire           |    57 |    69 |    54 ||   180
       Sticky Flame      |       |     4 |     2 ||     6
       Fireball          |       |       |     1 ||     1
       Searing Ray       |       |       |     1 ||     1
  Use: Scroll            |       |     3 |       ||     3
       Potion            |       |     3 |       ||     3
 Stab: Distracted        |       |     1 |       ||     1
       Sleeping          |       |     1 |       ||     1
Armor: Robe              |       |    12 |     3 ||    15
       Skin              |       |     2 |       ||     2
Dodge: Dodged            |       |    43 |    11 ||    54

Table legend: (Time is in decaauts)
 A = Elapsed time spent in this place.
 B = Non-inter-level travel time spent in this place.
 C = Inter-level travel time spent in this place.
 D = Time resting spent in this place.
 E = Time spent auto-exploring this place.
 F = Levels seen in this place.
 G = Mean time per level.
                   A        B        C        D        E       F      G
               +--------+--------+--------+--------+--------+-----+--------+
         Total |   5474 |   5381 |     93 |    251 |   4625 |   6 |  912.3 |
       Dungeon |   5225 |   5151 |     74 |    251 |   4395 |   5 | 1045.0 |
        Temple |    249 |    230 |     19 |      0 |    230 |   1 |  249.0 |
               +--------+--------+--------+--------+--------+-----+--------+

Top non-repeatable levels by time:
     D:4: 1281 daAuts
     D:1: 1235 daAuts
     D:3: 1188 daAuts
     D:2: 968 daAuts
     D:5: 551 daAuts
  Temple: 249 daAuts
